 Dungeon Crawl Stone Soup version 0.21-a0-229-g3587535 (webtiles) character file.

122932 motkurip the Brawler (level 16, 0/163 HPs)
             Began as a Troll Monk on Sept 1, 2017.
             Was a High Priest of Ru.
             Slain by a ghost crab (7 damage)
             ... on level 4 of the Swamp.
             The game lasted 01:04:10 (24192 turns).

motkurip the Brawler (Troll Monk)                  Turns: 24192, Time: 01:04:11

Health: 0/163      AC:  9    Str: 23    XL:     16   Next: 35%
Magic:  13/18      EV: 12    Int:  4    God:    Ru [*****.]
Gold:   678        SH: 22    Dex: 17    Spells: 15/15 levels left

rFire    + . .     SeeInvis .     - Unarmed
rCold    + . .     Gourm    +   M - +3 large shield
rNeg     . . .     Faith    .   p - +2 robe {rC+}
rPois    +         Spirit   .   U - +1 hat
rElec    .         Reflect  .   S - +0 cloak {rPois}
rCorr    .         Harm     .   (gloves unavailable)
MR       +....                  (boots unavailable)
Stlth    ..........             T - amulet of rage
HPRegen  0.77/turn              v - +6 ring of slaying
MPRegen  0.16/turn              Y - +4 ring of evasion

@: exhausted, no scrolls, constricted, heavily drained, very slow
A: unfitting armour, claws 3, blink, dopey 1, fire resistance 1, fast metabolism
3, gourmand, regeneration 1, shaggy fur 1, tough skin 2, inability to read while
threatened, no stealth, hated by all, no conjurations magic, no earth magic, no
transmutations magic, disrupted magic 1
a: Blink, Sacrifice Drink, Sacrifice Essence, Sacrifice Nimbleness, Reject
Sacrifices, Draw Out Power, Power Leap, Apocalypse, Renounce Religion, Evoke
Berserk Rage


You were on level 4 of the Swamp.
You worshipped Ru.
Ru was extremely pleased with you.
You were full.

You visited 6 branches of the dungeon, and saw 26 of its levels.
You visited the Abyss 1 time.
You also visited: Labyrinth and Sewer.

You collected 2675 gold pieces.
You spent 1997 gold pieces at shops.

Inventory:

Hand Weapons
 D - a +7 dagger of electrocution
Armour
 h - +0 fire dragon scales
 p - a +2 robe of cold resistance (worn)
 M - a +3 large shield (worn)
 S - a +0 cloak of poison resistance (worn)
 U - a +1 hat (worn)
Jewellery
 a - an uncursed ring of resist corrosion
 o - an uncursed ring of fire
 v - a +6 ring of slaying (left claw)
 I - an uncursed ring of ice
 K - an uncursed ring of protection from magic
 T - an amulet of rage (around neck)
 Y - a +4 ring of evasion (right claw)
Wands
 f - a wand of acid (1/15)
 k - a wand of acid (4/15)
 z - a wand of iceblast (4/15)
 O - a wand of iceblast (8/15)
 R - a wand of digging (10/24)
 X - a wand of lightning (5/15)
Scrolls
 i - 3 scrolls of fog
 l - 8 scrolls of remove curse
 m - 3 scrolls of teleportation
 n - a scroll of torment {unknown}
 q - 2 scrolls of blinking
 w - 3 scrolls of recharging
 y - 2 scrolls of fear
 C - 3 scrolls of identify
 H - a scroll of holy word {unknown}
 J - a scroll of acquirement {unknown}
 L - 8 scrolls of magic mapping
 W - 2 scrolls of random uselessness {unknown}
 Z - 2 scrolls of summoning {unknown}
Potions
 e - 3 potions of brilliance
 g - 2 potions of heal wounds
 j - 2 potions of flight
 r - a potion of resistance {unknown}
 s - 3 potions of mutation
 t - 3 potions of cancellation
 u - 13 potions of curing
 x - 5 potions of might
 A - 4 potions of agility
 B - a potion of degeneration {unknown}
 E - 2 potions of haste {unknown}
 F - a potion of berserk rage {unknown}
 P - a potion of magic {unknown}
 Q - a potion of ambrosia {unknown}
Comestibles
 b - 10 bread rations
 c - 9 meat rations
 G - 11 royal jellies


   Skills:
 + Level 11.6(9.3) Fighting
 - Level 5.4(3.5) Armour
 + Level 5.7(3.7) Dodging
 - Level 15.0(12.5) Shields
 + Level 16.2(13.6) Unarmed Combat
 - Level 4.2(2.3) Evocations


You had 15 spell levels left.
You didn't know any spells.

Dungeon Overview and Level Annotations

Branches:
Dungeon (12/15)            Temple (1/1) D:7            Lair (6/6) D:8
  Swamp (4/4) Lair:3        Snake (1/4) Lair:4        Slime (0/5) Lair:5
    Orc (2/2) D:11            Elf (0/3) Orc:2

Altars:
Cheibriados
Elyvilon
Hepliaklqana
Nemelex Xobeh
Okawaru
Qazlal
Ru
Sif Muna
Uskayaw
Wu Jian
Xom
Beogh
Jiyva

Shops:
D:4 (   D:6 *   D:7 !!*[   Orc:1 ?   Orc:2 *[(:


Innate Abilities, Weirdness & Mutations

You are too large for most types of armour.
You have claws for hands.
You are dopey. (Int -2)
Your metabolism is lightning-fast.
You like to eat raw meat.
Your natural rate of healing is unusually fast.
You are covered in fur. (AC +1)
You have very tough skin. (AC +2)
You cannot read scrolls while threatened.
You cannot be stealthy.
You are hated by all.
You cannot study or cast Conjurations magic.
You cannot study or cast Earth magic.
You cannot study or cast Transmutations magic.
Your casting is slightly disrupted.
You can translocate small distances at will.
Your flesh is heat resistant. (rF+)


Message History

* * * LOW HITPOINT WARNING * * *
You block the four-headed hydra's attack. x2
The four-headed hydra bites you!
* * * LOW HITPOINT WARNING * * *
Unknown command.
Aiming: Power Leap
Press: ? - help, Dir - move target cursor The spectral anaconda's grasp on you weakens, but your attempt to escape fails.
The spectral eight-headed hydra fades away!
You block the spectral anaconda's attack.
* * * LOW HITPOINT WARNING * * *
The spectral anaconda constricts you.
You redirect the spectral snapping turtle's attack!
The spectral snapping turtle bites itself but does no damage.
The spectral anaconda bites you but does no damage.
* * * LOW HITPOINT WARNING * * *
The spectral anaconda constricts you.
You focus your will and illuminate the spectral anaconda in retribution!
You block the ghost crab's attack. The ghost crab claws you!
You die...

......≈.≈.....
.≈..§....≈..≈....≈≈.≈♣♣..
≈......≈[.≈≈≈.≈.≈..≈..k..
≈≈≈.≈.........≈..≈≈≈.....
..≈§..≈≈.≈.....≈....≈.≈♣
.......≈.....≈........♣
≈.≈♣≈.≈.≈....≈§≈§.§...♣♣♣♣
≈.♣..≈≈.≈≈.≈..§.§DD....≈≈♣
♣≈.§.≈.≈..^..§≈§@Z..#.≈♣
....≈..≈....§..t§Z.....♣
..≈♣..≈..≈§...§..§§...≈#
≈..≈..≈...≈.≈...≈§.§≈.♣♣
..§≈≈≈≈≈≈♣♣≈≈≈≈≈..≈≈...♣
.≈.≈..≈.≈♣..≈.≈.≈≈..≈.♣♣
....≈♣..♣♣.≈≈≈..≈§.≈.♣♣
♣.♣♣♣..≈♣.≈.≈...≈..≈♣♣ ♣♣♣
♣♣...♣.....≈.(.♣♣


You could see a four-headed hydra, a swamp dragon, a ghost crab (blind), a
spectral anaconda, a spectral snapping turtle and a swamp drake.

Vanquished Creatures
  Bai Suzhen (Swamp:3)
  Nikola (Swamp:3)
  Jorgrun (Swamp:3)
  Gastronok (Lair:2)
  2 thorn hunters (Swamp:4)
  An orc warlord (Orc:2)
  Louise (Swamp:3)
  Josephine (D:11)
  Snorg (D:11)
  A minotaur (Lab)
  Erolcha (D:11)
  15 hydras
  3 two-headed ogres
  7 alligators
  7 death yaks
  An orc high priest (Orc:2)
  Nergalle (D:11)
  An unseen horror (D:10)
  A shambling mangrove (Swamp:3)
  3 swamp dragons
  3 orc knights
  A deep elf mage (D:12)
  8 ugly things
  A cyclops (Orc:2)
  2 orc sorcerers (Orc:2)
  2 manticores
  18 slime creatures
  7 elephants
  4 black mambas
  32 spiny frogs
  3 rime drakes
  2 kobold demonologists (D:11)
  9 komodo dragons
  8 trolls
  A polar bear (Lair:3)
  9 hornets
  7 tyrant leeches
  6 bog bodies
  32 blink frogs
  A meliai zombie (D:11)
  8 hippogriffs
  2 redbacks (Lab)
  7 wraiths
  5 wyverns
  51 yaks
  2 vampires
  5 spriggans
  2 basilisks (Lair:4)
  Grum (D:8)
  16 vampire mosquitoes
  2 hungry ghosts (D:9)
  13 insubstantial wisps
  2 wargs (Orc:2)
  2 soldier ants (D:10)
  23 swamp worms
  19 water moccasins
  31 orc warriors
  6 porcupines
  13 swamp drakes
  3 phantoms
  An ice beast (D:6)
  6 sky beasts
  An eye of draining (D:8)
  19 ogres
  2 centaurs
  13 wolves
  17 crocodiles
  7 big kobolds
  30 bullfrogs
  3 scorpions
  The ghost of motkurip the Ruffian, a weakling TrMo (D:3)
  18 wights
  5 electric eels
  11 howler monkeys
  A bullfrog zombie (D:6)
  4 lava snakes (Lab)
  7 crimson imps
  A bullfrog skeleton (D:5)
  11 hounds
  2 jellies (D:8)
  5 centaur skeletons
  24 orc priests
  Terence (D:2)
  30 orc wizards
  8 worker ants
  7 iguanas
  A hound zombie (D:10)
  A hound skeleton (D:9)
  8 gnolls
  20 adders
  2 river rats
  2 shadow imps
  5 oozes (Sewer)
  An adder skeleton (D:10)
  8 worms
  2 dart slugs
  4 leopard geckos
  74 orcs
  4 ball pythons
  6 bats
  5 giant cockroaches
  8 goblins
  8 hobgoblins
  16 jackals
  6 quokkas
  6 frilled lizards
  30 kobolds
  2 leopard gecko skeletons
  8 rats
882 creatures vanquished.

Vanquished Creatures (others)
  A hydra (Swamp:4)
  A catoblepas (Lair:5)
  A death yak (Lair:4)
  A spiny frog (Swamp:1)
  A blink frog (Lair:3)
  2 bog bodies (Swamp:2)
  A hippogriff (Lair:6)
  A vampire mosquito (Swamp:4)
  An orc warrior (Orc:1)
  A wyvern skeleton (D:11)
  2 orcs
  8 fungi
  63 plants
84 creatures vanquished.

Grand Total: 966 creatures vanquished

Notes
Turn   | Place    | Note
-------+----------+-------------------------------------------
     0 | D:1      | motkurip the Troll Monk began the quest for the Orb.
     0 | D:1      | Reached XP level 1. HP: 22/22 MP: 0/0
    51 | D:1      | Reached XP level 2. HP: 24/29 MP: 1/1
   569 | D:1      | Reached XP level 3. HP: 37/37 MP: 2/2
  1126 | D:2      | Noticed Terence
  1156 | D:2      | Killed Terence
  1156 | D:2      | Reached skill level 4 in Unarmed Combat
  1181 | D:2      | Found a snail-covered altar of Cheibriados.
  1190 | D:2      | Reached XP level 4. HP: 44/45 MP: 3/3
  1563 | D:3      | Noticed motkurip's ghost (weakling TrMo)
  1571 | D:3      | Noticed a bullfrog
  1586 | D:3      | Killed a bullfrog
  1586 | D:3      | Reached XP level 5. HP: 17/53 MP: 4/4
  1706 | D:3      | Reached skill level 5 in Unarmed Combat
  1908 | D:3      | Killed motkurip's ghost
  2373 | D:4      | Found Eson's Antique Weapon Emporium.
  2469 | D:4      | Noticed an ogre
  2473 | D:4      | Killed an ogre
  2473 | D:4      | Reached XP level 6. HP: 51/62 MP: 5/5
  2626 | D:4      | Reached skill level 6 in Unarmed Combat
  2819 | D:4      | Reached XP level 7. HP: 48/71 MP: 6/6
  2842 | D:4      | Reached skill level 7 in Unarmed Combat
  3012 | D:5      | Entered Level 5 of the Dungeon
  3074 | D:5      | Reached skill level 5 in Fighting
  3113 | D:5      | Reached skill level 8 in Unarmed Combat
  3159 | D:5      | Found a glowing drain.
  3163 | Sewer    | Entered a sewer
  3200 | Sewer    | Reached XP level 8. HP: 80/80 MP: 7/7
  3674 | D:5      | Found a sparkling altar of Nemelex Xobeh.
  3686 | D:5      | Found a stormy altar of Qazlal.
  3870 | D:5      | Found a shimmering altar of Xom.
  3871 | D:5      | Found a shimmering altar of Xom.
  3871 | D:5      | Found a shimmering altar of Xom.
  3871 | D:5      | Found a shimmering altar of Xom.
  3875 | D:5      | Found a shimmering altar of Xom.
  3875 | D:5      | Found a shimmering altar of Xom.
  4064 | D:5      | Reached skill level 9 in Unarmed Combat
  4249 | D:6      | Found Fuhin's Assorted Antiques.
  4263 | D:6      | Bought a shimmering turquoise ring for 145 gold pieces
  4264 | D:6      | Identified the cursed ring "Jifoh" {+Inv EV-2} (You bought it in a shop on level 6 of the Dungeon)
  4830 | D:7      | Reached skill level 10 in Unarmed Combat
  4874 | D:7      | Found a staircase to the Ecumenical Temple.
  4909 | Temple   | Entered the Ecumenical Temple
  4915 | Temple   | Became a worshipper of Ru the Awakened
  4936 | D:7      | Gained mutation: You cannot be stealthy. [Ru sacrifice]
  4975 | D:7      | Found Keenaj's Distillery.
  4983 | D:7      | Reached XP level 9. HP: 79/89 MP: 8/8
  4988 | D:7      | Bought a potion of agility for 56 gold pieces
  5016 | D:7      | Found Obielafa's Distillery.
  5254 | D:7      | Found Ipnoneiph's Antique Armour Boutique.
  5305 | D:7      | Found Kiqig's General Store.
  5358 | D:7      | Found a hazy altar of Hepliaklqana.
  5808 | D:8      | Found a white marble altar of Elyvilon.
  5809 | D:8      | Found a snail-covered altar of Cheibriados.
  5840 | D:8      | Reached skill level 11 in Unarmed Combat
  5971 | D:8      | Noticed a two-headed ogre
  5977 | D:8      | Killed a two-headed ogre
  5996 | D:8      | Found an ornate altar of the Wu Jian Council.
  6068 | D:8      | Reached XP level 10. HP: 95/102 MP: 9/9
  6075 | D:8      | Reached skill level 12 in Unarmed Combat
  6225 | D:8      | Found a staircase to the Lair.
  6624 | D:8      | Noticed Grum
  6636 | D:8      | Killed Grum
  6652 | D:8      | Gained mutation: Your casting is slightly disrupted. [Ru sacrifice]
  6652 | D:8      | Reached * piety under Ru
  6913 | D:9      | Reached skill level 13 in Unarmed Combat
  7465 | D:9      | Reached XP level 11. HP: 113/113 MP: 10/10
  7756 | D:9      | Found a roughly hewn altar of Beogh.
  7987 | D:10     | Entered Level 10 of the Dungeon
  7994 | D:10     | Reached skill level 14 in Unarmed Combat
  8203 | D:10     | Gained mutation: You are hated by all. [Ru sacrifice]
  8203 | D:10     | Reached ** piety under Ru
  8315 | D:10     | Noticed an unseen horror
  8323 | D:10     | Killed an unseen horror
  9031 | Lair:1   | Entered Level 1 of the Lair of Beasts
  9872 | Lair:2   | Reached skill level 5 in Shields
 10052 | Lair:2   | Noticed Gastronok
 10100 | Lair:2   | Killed Gastronok
 10127 | Lair:2   | Noticed a death yak
 10129 | Lair:2   | Noticed a death yak
 10153 | Lair:2   | Killed a death yak
 10153 | Lair:2   | Reached XP level 12. HP: 93/123 MP: 11/11
 10178 | Lair:2   | Noticed a death yak
 10178 | Lair:2   | Noticed a death yak
 10179 | Lair:2   | Noticed a death yak
 10190 | Lair:2   | Noticed a death yak
 10191 | Lair:2   | Gained mutation: You cannot read scrolls while threatened. [Ru sacrifice]
 10191 | Lair:2   | Reached *** piety under Ru
 10191 | Lair:2   | Reached **** piety under Ru
 10196 | Lair:2   | Killed a death yak
 10218 | Lair:1   | Killed a death yak
 10488 | Lair:2   | Killed a death yak
 10568 | Lair:1   | Killed a death yak
 10659 | Lair:2   | Killed a death yak
 11052 | Lair:2   | Reached skill level 10 in Shields
 11426 | Lair:3   | Found a labyrinth entrance.
 11435 | Lab      | Entered a labyrinth
 11604 | Lab      | Got a heavily jewelled robe
 11835 | Lab      | Noticed a minotaur
 11840 | Lab      | Killed a minotaur
 11842 | Lab      | Got a heavily runed steel ring
 11857 | Lab      | Identified the cursed +1 robe "Osicemui" {rC++ Dex+2 Slay-6} (You found it in a labyrinth)
 11860 | Lab      | Identified the ring "Qanorphao" {+Fly rPois Str+3} (You took it off a minotaur in a labyrinth)
 12002 | Lair:3   | Noticed a six-headed hydra
 12017 | Lair:3   | Killed a six-headed hydra
 12017 | Lair:3   | Reached skill level 1 in Evocations
 12135 | Lair:3   | Found a staircase to the Swamp.
 12136 | Lair:3   | Noticed a seven-headed hydra
 12155 | Lair:3   | Gained mutation: You are dopey. (Int -2) [Ru sacrifice]
 12391 | Lair:4   | Reached XP level 13. HP: 131/131 MP: 13/13
 12488 | Lair:4   | Found a staircase to the Snake Pit.
 13465 | Snake:1  | Entered Level 1 of the Snake Pit
 13682 | Lair:5   | Gained mutation: You cannot study or cast Earth magic. [Ru sacrifice]
 13682 | Lair:5   | Gained mutation: You cannot study or cast Transmutations magic. [Ru sacrifice]
 13682 | Lair:5   | Gained mutation: You cannot study or cast Conjurations magic. [Ru sacrifice]
 13682 | Lair:5   | Reached ***** piety under Ru
 13829 | Lair:5   | Found a viscous altar of Jiyva.
 13830 | Lair:5   | Found a staircase to the Slime Pits.
 14385 | Lair:6   | Entered Level 6 of the Lair of Beasts
 15235 | D:11     | Noticed Nergalle
 15243 | D:11     | Killed Nergalle
 15279 | D:11     | Noticed Erolcha
 15288 | D:11     | Killed Erolcha
 15319 | D:11     | Found a staircase to the Orcish Mines.
 15461 | D:11     | Noticed Snorg
 15475 | D:11     | Killed Snorg
 15734 | Orc:1    | Entered Level 1 of the Orcish Mines
 15734 | Orc:1    | Noticed Josephine
 15742 | D:11     | Reached XP level 14. HP: 100/140 MP: 16/16
 15814 | D:11     | Killed Josephine
 16137 | D:11     | Gained mutation: You are very dopey. (Int -4) [mutagenic meat]
 16138 | D:11     | Gained mutation: Scrolls take you a little longer to read. [mutagenic meat]
 16139 | D:11     | Gained mutation: Your body sometimes deteriorates upon taking damage. [mutagenic meat]
 16141 | D:11     | Lost mutation: Your body sometimes deteriorates upon taking damage. [potion of mutation]
 16141 | D:11     | Lost mutation: Scrolls take you a little longer to read. [potion of mutation]
 16141 | D:11     | Lost mutation: You are very dopey. (Int -4) [potion of mutation]
 16141 | D:11     | Gained mutation: You can translocate small distances at will. [potion of mutation]
 16141 | D:11     | Gained mutation: Your flesh is heat resistant. (rF+) [potion of mutation]
 17124 | Orc:1    | Found Xuptuane's Magic Scroll Emporium.
 17162 | Orc:1    | Bought a scroll of identify for 28 gold pieces
 17162 | Orc:1    | Bought a scroll of identify for 28 gold pieces
 17402 | Orc:2    | Entered Level 2 of the Orcish Mines
 17402 | Orc:2    | Found a staircase to the Elven Halls.
 17633 | Orc:2    | Found a roughly hewn altar of Beogh.
 17699 | Orc:2    | Found Onoo's Antique Armour Emporium.
 17700 | Orc:2    | Noticed an orc warlord
 18175 | Orc:2    | Killed an orc warlord
 18267 | Orc:2    | Bought fire dragon scales for 1740 gold pieces
 18291 | Orc:2    | Found Quol's Book Emporium.
 18460 | Orc:2    | Found Ponnuvvy's Antique Weapon Emporium.
 18475 | Orc:2    | Found Favvexawoi's General Store.
 18841 | Lair:3   | Reached skill level 1 in Armour
 19062 | Lair:6   | Reached skill level 15 in Shields
 19382 | Lair:6   | Reached XP level 15. HP: 148/148 MP: 17/17
 20056 | Swamp:1  | Entered Level 1 of the Swamp
 20334 | Swamp:1  | Reached skill level 10 in Fighting
 20887 | Swamp:1  | Reached skill level 5 in Armour
 20978 | Swamp:1  | Reached skill level 15 in Unarmed Combat
 22504 | Swamp:3  | Noticed Jorgrun
 22514 | Swamp:3  | Killed Jorgrun
 22663 | Swamp:3  | Noticed Nikola
 22685 | Swamp:3  | Killed Nikola
 22883 | Swamp:3  | Noticed Louise
 22888 | Swamp:3  | Noticed Bai Suzhen
 22917 | Swamp:2  | Reached XP level 16. HP: 149/162 MP: 13/18
 23261 | Swamp:3  | Cast into level 3 of the Abyss (Louise)
 23261 | Abyss:3  | Found a shimmering altar of Xom.
 23261 | Abyss:3  | Found a shimmering altar of Xom.
 23261 | Abyss:3  | Found a shimmering altar of Xom.
 23261 | Abyss:3  | Found a shimmering altar of Xom.
 23262 | Abyss:3  | Found a corrupted altar of Lugonu.
 23263 | Abyss:3  | Found a shimmering altar of Xom.
 23263 | Abyss:3  | Found a shimmering altar of Xom.
 23263 | Abyss:3  | Found a shimmering altar of Xom.
 23263 | Abyss:3  | Found a shimmering altar of Xom.
 23264 | Abyss:3  | Found a shimmering altar of Xom.
 23264 | Abyss:3  | Found a shimmering altar of Xom.
 23264 | Abyss:3  | Found a shimmering altar of Xom.
 23264 | Abyss:3  | Found a shimmering altar of Xom.
 23265 | Abyss:3  | Found a shimmering altar of Xom.
 23265 | Abyss:3  | Found a shimmering altar of Xom.
 23267 | Swamp:3  | Escaped the Abyss
 23294 | Swamp:3  | Killed Louise
 23374 | Swamp:3  | Killed Bai Suzhen
 23374 | Swamp:3  | Reached skill level 5 in Dodging
 23374 | Swamp:3  | Reached skill level 16 in Unarmed Combat
 23602 | Swamp:4  | Entered Level 4 of the Swamp
 23602 | Swamp:4  | Noticed a thorn hunter
 23682 | Swamp:4  | Killed a thorn hunter
 24033 | Swamp:4  | Noticed a thorn hunter
 24043 | Swamp:4  | Killed a thorn hunter
 24191 | Swamp:4  | HP: 8/163 [four-headed hydra (8)]
 24192 | Swamp:4  | Slain by a ghost crab

Vault maps used:
D:1:      evilmike_arrival_hilbert_curve
D:2:      kennysheep_slug_shrine, uniq_terence
D:3:      first_bread
D:4:      serial_shops, shop
D:5:      xom_redecorated, grunt_qazlal_clouds, gup_sewer_entry_bowl,
          basic_altar
D:6:      serial_shops, shop_statue
D:7:      kennysheep_mini_moat, temple_green, serial_shops,
          nicolae_shop_waterfront, nicolae_shop_window_shopping,
          nicolae_shop_temple_entry_statues_fountains, nicolae_shop_crystal
D:8:      lemuel_doored_altar, gammafunk_temple_overflow_statue,
          grunt_lair_entry_orc_guard_hut, uniq_grum
D:9:      special_room
D:10:     cheibrodos_fzero, hangedman_pestilent_swarm
D:11:     orc_0_dummy, uniq_snorg, uniq_erolcha, uniq_nergalle
Temple:   eino_temple_rhombus
Lair:2:   serial_bayou_pond_c, serial_bayou_shore_a, uniq_gastronok
Lair:3:   minmay_swamp_entry_reptiles, lab_entry_generic,
          infiniplex_staircase_pool_2
Lair:4:   minmay_snake_entry_six_corridors, hangedman_lair_generics_rect
Lair:5:   dpeg_slime_entry_enclosed_altar, serial_bayou, serial_bayou_pond_c,
          serial_bayou_lagoon_b, serial_bayou_lake_a, serial_bayou_lagoon_a,
          fungi_pond_lemuel, ldierk_geyser, serial_bayou_shore_b
Lair:6:   minmay_lair_end_frog_pond
Swamp:1:  nicolae_swamp_little_tower, swamp_pool5
Swamp:2:  evilmike_swamp_ruin_house_5
Swamp:3:  evilmike_swamp_ruin_house_4, infiniplex_staircase_pool,
          uniq_bai_suzhen, uniq_jorgrun, uniq_nikola, uniq_louise
Swamp:4:  swamp_old_school
Snake:1:  portal_ice_cave_entry_ice_statue_one, grunt_megastairs_1, uniq_donald
Orc:1:    serial_shops, nicolae_shop_behind_doors, uniq_josephine
Orc:2:    grunt_orc_cross
Abyss:3:  bh_abyss_xom_lugonu_altar, grunt_abyss_rune_forest_and_sorcery
Lab:      labyrinth_mini_lab, lab_hedge, labyrinth_lava_lair, nicolae_lab_arrow
Sewer:    sewer_co_tree

Skill      XL: |  1  2  3  4  5  6  7  8  9 10 11 12 13 14 15 16 |
---------------+-------------------------------------------------+-----
Fighting       | 3 4 5 6 7 8 9 11 | 11.6
Unarmed Combat | 4 5 6 8 10 11 13 14 15 16 | 16.2
Stealth        | 0 |  0.0
Shields        | 6 10 13 15 | 15.0
Evocations     | 2 4 |  4.2
Armour         | 3 5 |  5.4
Dodging        | 4 5 |  5.7

Action                   |  1- 3 |  4- 6 |  7- 9 | 10-12 | 13-15 | 16-18 || total
-------------------------+-------+-------+-------+-------+-------+-------++-------
Melee: Unarmed           |    86 |   104 |   286 |   633 |  1444 |   180 ||  2733
       Punch             |     1 |     5 |    14 |    26 |       |       ||    46
       Dagger            |       |       |       |     7 |   105 |     4 ||   116
Invok: Sacrifice Stealth |       |       |     1 |       |       |       ||     1
       Sacrifice Essence |       |       |       |     1 |       |       ||     1
       Sacrifice Love    |       |       |       |     1 |       |       ||     1
       Power Leap        |       |       |       |     1 |     6 |     1 ||     8
       Sacrifice Purity  |       |       |       |     1 |       |       ||     1
       Sacrifice Words   |       |       |       |     1 |       |       ||     1
       Sacrifice Arcana  |       |       |       |       |     1 |       ||     1
       Apocalypse        |       |       |       |       |     2 |       ||     2
       Draw Out Power    |       |       |       |       |     1 |       ||     1
 Abil: Evoke Berserk Rag |       |       |       |       |    13 |     4 ||    17
Evoke: Wand              |       |       |     1 |     5 |    12 |       ||    18
  Use: Scroll            |       |     5 |     3 |    12 |    19 |       ||    39
       Potion            |       |       |       |     1 |     3 |       ||     4
 Stab: Sleeping          |     5 |     2 |     3 |       |       |       ||    10
       Distracted        |       |       |       |     4 |    10 |     1 ||    15
       Invisible         |       |       |       |     3 |     7 |     3 ||    13
       Paralysed         |       |       |       |       |     4 |       ||     4
  Eat: Chunk             |    16 |    11 |    30 |    54 |   103 |    17 ||   231
       Fruit             |       |       |     2 |     8 |     1 |     3 ||    14
       Royal jelly       |       |       |     2 |       |     2 |     1 ||     5
Armor: Robe              |    28 |    23 |    62 |    55 |    95 |    27 ||   290
       Troll leather arm |       |       |       |       |    40 |       ||    40
       Fire dragon scale |       |       |       |       |     3 |       ||     3
Dodge: Dodged            |    48 |    41 |   115 |   173 |   303 |    66 ||   746
Block: Large shield      |       |       |       |   110 |  1253 |   173 ||  1536

Table legend:
 A = Spawn XP
 B = Non-spawn XP
 C = Spawn XP percentage of total XP
 D = Spawn monster count
 E = Non-spawn monster count
 F = Spawn count percentage of total count
 G = Total turns spent on level
                    A         B        C        D         E        F      G
               +---------+---------+-------+---------+---------+-------+---------
         Total |   17221 |  158397 |   9.8 |     110 |     783 |  12.3 | 24192
               +---------+---------+-------+---------+---------+-------+---------
           D:1 |       4 |      38 |   9.5 |       2 |      24 |   7.7 |   612
           D:2 |       1 |      65 |   1.5 |       1 |      15 |   6.2 |   932
           D:3 |      15 |     216 |   6.5 |       2 |      20 |   9.1 |   753
           D:4 |      54 |     662 |   7.5 |       2 |      11 |  15.4 |   734
           D:5 |     137 |     503 |  21.4 |       2 |      22 |   8.3 |   628
           D:6 |       0 |     440 |   0.0 |       0 |      12 |   0.0 |   611
           D:7 |     218 |    1229 |  15.1 |       3 |      30 |   9.1 |  1024
           D:8 |    1282 |    2676 |  32.4 |      14 |      34 |  29.2 |  1250
           D:9 |     281 |    5391 |   5.0 |       8 |      69 |  10.4 |  1294
          D:10 |     251 |    3234 |   7.2 |       5 |      25 |  16.7 |   910
          D:11 |    1498 |    8740 |  14.6 |       7 |      45 |  13.5 |  1109
          D:12 |     271 |    5147 |   5.0 |       5 |      26 |  16.1 |   945
        Lair:1 |     143 |    2362 |   5.7 |       1 |       4 |  20.0 |  1032
        Lair:2 |    1961 |   10998 |  15.1 |      10 |      32 |  23.8 |  1449
        Lair:3 |    1005 |    5037 |  16.6 |       3 |      18 |  14.3 |   930
        Lair:4 |    2585 |    5708 |  31.2 |      11 |      22 |  33.3 |  1117
        Lair:5 |    1449 |    5518 |  20.8 |       3 |      27 |  10.0 |  1007
        Lair:6 |     147 |   24264 |   0.6 |       1 |      89 |   1.1 |  1283
       Swamp:1 |    3649 |   15648 |  18.9 |       8 |      43 |  15.7 |  1584
       Swamp:2 |     465 |   13551 |   3.3 |       2 |      43 |   4.4 |   846
       Swamp:3 |     725 |   22918 |   3.1 |       2 |      32 |   5.9 |  1090
       Swamp:4 |     382 |    9588 |   3.8 |       1 |      19 |   5.0 |   530
         Orc:1 |     642 |    3745 |  14.6 |      13 |      26 |  33.3 |   724
         Orc:2 |      56 |    8716 |   0.6 |       4 |      60 |   6.2 |   805
           Lab |       0 |    1672 |   0.0 |       0 |       7 |   0.0 |   479
         Sewer |       0 |     331 |   0.0 |       0 |      28 |   0.0 |   493
               +---------+---------+-------+---------+---------+-------+---------
